 Dungeon Crawl Stone Soup version 0.26-a0-307-g4e7fcc93f0 (webtiles) character file.

Game seed: 16662093854864558616

536504 Misa the Slayer (level 26, -7/256 HPs)
             Began as a Gargoyle Berserker on July 14, 2020.
             Was the Champion of the Shining One.
             Mangled by an iron troll (13 damage)
             ... created by the rage of Trog
             ... on level 3 of the Crypt on July 15, 2020.
             The game lasted 03:26:07 (59329 turns).

Misa the Slayer (Gargoyle Berserker)               Turns: 59329, Time: 03:26:07

Health: -7/256     AC: 66    Str: 40    XL:     26   Next: 39%
Magic:  26/26      EV: 15    Int: 17    God:    the Shining One [******]
Gold:   5006       SH:  0    Dex: 11    Spells: 25/25 levels left

rFire    + + .     SeeInvis +   d - +9 executioner's axe (holy)
rCold    + + +     Faith    .   (shield currently unavailable)
rNeg     + + +     Spirit   .   A - +12 gold dragon scales
rPois    ∞         Reflect  .   p - +1 hat
rElec    +         Harm     .   i - +2 cloak of Decaying Mirth {rElec rN+}
rCorr    .                      W - -2 pair of gloves of Nutax {rF+ rC+}
MR       +....                  h - +1 pair of boots of Majestic Brilliance {Str+4 Dex+2 Stlth-}
Stlth    ..........             M - amulet of Due Proportion {Acrobat rC+ Int+2 Slay+3}
HPRegen  0.52/turn              U - ring of the Mantidfly {rC+ rN+ Str+6}
MPRegen  0.20/turn              z - ring "Emusta" {rC+ rN+ Int+4 Slay+4 SInv}

@: berserking, flying, glowing, very quick
A: antennae 1, big wings, blurry vision 1, frail 1, negative energy resistance
1, electricity resistance, unbreathing, petrification resistance, no potion heal
1, rot immunity, subdued magic 1, AC +20
}: 2/15 runes: decaying, serpentine
a: Stop Flying, Divine Shield, Cleansing Flame, Summon Divine Warrior, Renounce
Religion


You were on level 3 of the Crypt.
You worshipped the Shining One.
The Shining One was exalted by your worship.
You visited 9 branches of the dungeon, and saw 46 of its levels.
You also visited: Trove and Ice Cave.

You collected 7960 gold pieces.
You spent 2954 gold pieces at shops.

Inventory:

Hand Weapons
 a - a +4 halberd of freezing
 d - a +9 executioner's axe of holy wrath (weapon)
 P - a +5 antimagic battleaxe
Armour
 h - the +1 pair of boots of Majestic Brilliance (worn) {Str+4 Dex+2 Stlth-}
   (You found it on level 3 of the Depths)

   It affects your strength (+4).
   It affects your dexterity (+2).
   It makes you less stealthy.
 i - the +2 cloak of Decaying Mirth (worn) {rElec rN+}
   (You bought it in a shop on level 1 of the Depths)

   It insulates you from electricity.
   It protects you from negative energy.
 p - a +1 hat (worn)
 x - a scarf of repulsion
 A - +12 gold dragon scales (worn)
 Q - the +7 chain mail of Good Intentions {+Inv rF++ Regen+ Int-5}
   (You found it on level 4 of the Vaults)

   It affects your intelligence (-5).
   It greatly protects you from fire.
   It lets you turn invisible.
   It increases your rate of regeneration.
 W - the -2 pair of gloves of Nutax (worn) {rF+ rC+}
   (You found it on level 6 of the Lair of Beasts)

   It protects you from fire.
   It protects you from cold.
 Y - a +2 helmet
Jewellery
 g - an uncursed amulet of regeneration
 m - the amulet of Eternal Harmony {RegenMP *Slow +Fly rElec rF+++}
   (You found it on level 2 of the Depths)

   [amulet of magic regeneration]

   It increases your magic regeneration.
   It renders you almost immune to fire.
   It insulates you from electricity.
   It lets you fly.
   It may slow you when you take damage.
 r - the ring "Efoasia" {rElec Int+7 Dex-3 SInv Stlth+}
   (You took it off a deep elf demonologist on level 3 of the Elven Halls)

   [ring of stealth]

   It affects your intelligence (+7).
   It affects your dexterity (-3).
   It insulates you from electricity.
   It lets you see invisible.
   It makes you more stealthy.
 v - an uncursed ring of resist corrosion
 z - the ring "Emusta" (right hand) {rC+ rN+ Int+4 Slay+4 SInv}
   (You bought it in a shop on level 3 of the Snake Pit)

   [ring of see invisible]

   It affects your intelligence (+4).
   It affects your accuracy and damage with ranged weapons and melee attacks
   (+4).
   It protects you from cold.
   It protects you from negative energy.
   It lets you see invisible.
 M - the amulet of Due Proportion (around neck) {Acrobat rC+ Int+2 Slay+3}
   (You acquired it on level 9 of the Dungeon)

   [amulet of the acrobat]

   It helps you evade while moving and waiting.
   It affects your intelligence (+2).
   It affects your accuracy and damage with ranged weapons and melee attacks
   (+3).
   It protects you from cold.
 U - the ring of the Mantidfly (left hand) {rC+ rN+ Str+6}
   (You found it on level 5 of the Lair of Beasts)

   [ring of strength]

   It affects your strength (+6).
   It protects you from cold.
   It protects you from negative energy.
Wands
 t - a wand of digging (20)
 J - a wand of clouds (17)
Scrolls
 e - 3 scrolls of holy word
 f - 4 scrolls of enchant weapon
 n - 4 scrolls of blinking
 o - 10 scrolls of magic mapping
 q - 7 scrolls of fog
 s - 31 scrolls of identify
 y - 5 scrolls of silence
 B - 24 scrolls of remove curse
 G - 5 scrolls of enchant armour
 I - 7 scrolls of fear
 K - 3 scrolls of summoning
 L - 28 scrolls of teleportation
Potions
 b - a potion of invisibility
 c - 14 potions of stabbing
 j - 11 potions of heal wounds
 k - 27 potions of curing
 l - 4 potions of berserk rage
 u - 6 potions of might
 C - a potion of haste
 D - 6 potions of cancellation
 E - 3 potions of ambrosia
 F - 2 potions of resistance
 H - a potion of magic
 O - a potion of mutation
Miscellaneous
 w - 4 phantom mirrors


   Skills:
 + Level 26.0 Fighting
 + Level 23.6 Axes
 + Level 25.0 Armour
 + Level 13.4 Dodging
 + Level 4.2 Invocations


You had 25 spell levels left.
You didn't know any spells.
Your spell library was empty.

Dungeon Overview and Level Annotations

Branches:
Dungeon (15/15)            Temple (0/1) D:6            Lair (6/6) D:11
  Swamp (4/4) Lair:2        Snake (4/4) Lair:3        Slime (0/5) Lair:6
    Orc (2/2) D:12            Elf (3/3) Orc:2        Vaults (4/5) D:13
  Crypt (3/3) Vaults:3     Depths (5/5) D:15            Zot (0/5) Depths:5
  IceCv (visited)
   Tomb: Crypt:3

Altars:
Ashenzari
Gozag
Kikubaaqudgha
Okawaru
Qazlal
Sif Muna
Trog
Uskayaw
Vehumet
Xom
Yredelemnul
Zin
The Shining One
Beogh

Shops:
D:9 (*?   D:12 =}::   Orc:2 (!=(*   Elf:2 :   Snake:2 =   Snake:3 =}=
Snake:4 (   Depths:1 [   Depths:4 ![*   Depths:5 (

Portals:
Hell: Depths:1 Depths:2 Depths:3 Depths:4 Depths:5
Abyss: Depths:2 Depths:4
Pandemonium: Depths:1 Depths:2 Depths:3 Depths:4
Ziggurat: Depths:4

Annotations:
D:8 3 runed translucent doors, exclusion: door
Vaults:4 exclusion: 3 downstairs


Innate Abilities, Weirdness & Mutations

You are resistant to torment.
Your stone body is resilient. (AC +20)
You are immune to poison.
Your large and strong wings let you fly indefinitely.
You resist negative energy. (rN+)
You are resistant to electric shocks. (rElec)
You can survive without breathing.
You are immune to petrification.
You are immune to rotting.
You have a pair of small antennae on your head.
Scrolls take you a little longer to read.
You are frail. (-10% HP)
Potions are less effective at restoring your health.
Your spells are a little easier to cast, but a little less powerful.


Message History

The iron troll bites you but does no damage.
The iron troll claws you!
* * * LOW HITPOINT WARNING * * *
The iron troll barely misses you. The cyclops completely misses you.
Unknown command.
You slice the iron troll!!
The iron troll is heavily wounded.
You completely miss the two-headed ogre.
You chop the cyclops into pieces!!!
You kill the cyclops!
That felt strangely unrewarding.
The two-headed ogre misses you. The two-headed ogre barely misses you.
You carve the iron troll like a ham!!!
The iron troll is almost dead.
You dice the two-headed ogre like an onion!!!
You kill the two-headed ogre!
That felt strangely unrewarding.
The iron troll bites you.
* * * LOW HITPOINT WARNING * * *
The iron troll claws you!
You die...

.....# .....#. #?.
....... #...
....... ..#...
.......
#'#...#####.......
....^............
#.....T.$.......
#......@.......#
#......#########
#...)..# #..[)..#
######....).#
.......<†...#
............#
...................
..........[........


You could see an iron troll (berserk).

Vanquished Creatures
  Mara (Vaults:2)
  An ancient lich (Depths:4)
  A juggernaut (Depths:5)
  the Lernaean hydra (Swamp:4)
  Saint Roka (Depths:4)
  The ghost of Teawk the Warrior, a veteran DsCK of Xom (Depths:3)
  Nikola (Vaults:2)
  A golden dragon (Depths:3)
  2 tentacled monstrosities (Depths:5)
  Rupert (Lair:6)
  The ghost of Weicwob the Warrior, an adept FeFE of Dithmenos (Depths:5)
  2 deep elf master archers (Elf:3)
  Asterion (Elf:2)
  3 quicksilver dragons
  A lich (Depths:2)
  3 titans
  3 deep elf blademasters
  An ancient champion (Crypt:1)
  5 sphinxes
  Gastronok (Lair:1)
  2 tengu reavers
  Donald (Swamp:2)
  2 thorn hunters
  3 shadow dragons
  4 storm dragons
  17 vault wardens
  8 nagarajas
  5 deep elf sorcerers
  11 fire giants
  2 revenants
  7 frost giants
  An iron dragon (Depths:3)
  A draconian scorcher (Depths:5)
  A cacodemon (Depths:1)
  A draconian shifter (Depths:5)
  Louise (Elf:1)
  Aizul (Swamp:3)
  2 orc warlords (Depths:4)
  2 deep elf elementalists (Elf:3)
  A balrug (Depths:5)
  A curse skull (Crypt:2)
  A reaper (Crypt:3)
  9 ghouls
  29 very ugly things
  2 spriggan defenders (Depths:4)
  12 ironheart preservers
  23 stone giants
  A caustic shrike skeleton (Crypt:2)
  A war gargoyle (Vaults:4)
  9 vampire knights
  2 white draconians (Depths:5)
  A green draconian (Depths:5)
  5 deep elf demonologists
  A minotaur (D:11)
  8 deep elf annihilators
  5 spark wasps
  A yellow draconian (Depths:5)
  A dire elephant (shapeshifter) (Vaults:4)
  10 deep elf death magi
  13 ettins
  2 eidola
  The ghost of Sickboy the Frost Mage, a journeyman MfIE of Vehumet (D:11)
  Snorg (Orc:2)
  9 jiangshi
  5 fire dragons
  3 deep elf high priests
  A merfolk impaler (Depths:1)
  22 yaktaur captains
  6 great orbs of eyes
  14 ice dragons
  7 spriggan air magi
  A juggernaut simulacrum (Depths:3)
  7 rakshasas
  26 hydras
  22 naga warriors
  16 vault guards
  A ghost crab (Swamp:2)
  6 anacondas
  A shambling mangrove (Swamp:2)
  10 ogre magi
  5 death knights
  9 alligators
  18 centaur warriors
  9 death yaks
  A queen ant (D:8)
  4 tengu warriors
  22 dancing weapons
  12 vampire magi
  45 two-headed ogres
  3 deep troll earth magi (Depths:3)
  5 deep troll shamans
  4 shock serpents
  2 orc high priests
  Urug (Orc:2)
  3 naga sharpshooters
  2 titan skeletons
  7 spriggan berserkers
  2 sun demons (Depths:5)
  20 deep elf knights
  A titan zombie (Crypt:1)
  A storm dragon zombie (Crypt:2)
  5 shadow wraiths
  A soul eater (Crypt:1)
  12 iron trolls
  Nergalle (Lair:3)
  A hell knight (Depths:5)
  5 salamander mystics
  2 golden dragon zombies
  A sea snake (Snake:3)
  A death drake (shapeshifter) (Depths:2)
  5 flayed ghosts
  22 skeletal warriors
  5 unseen horrors
  7 glowing orange brains
  A torturous demonspawn (Depths:1)
  A spark wasp zombie (D:15)
  6 wizards
  8 swamp dragons
  2 spriggan druids
  4 lindwurms (Lair:4)
  A gelid demonspawn (Depths:1)
  8 orc knights
  30 deep elf archers
  14 deep trolls
  Pikel (D:7)
  12 phantasmal warriors
  A golden dragon skeleton (Crypt:2)
  An anaconda skeleton (Crypt:2)
  10 mana vipers
  8 necromancers
  6 naga ritualists
  13 ironbrand convokers
  A wolf spider zombie (Crypt:2)
  A harpy (Vaults:4)
  A tengu zombie (Vaults:1)
  An oklob plant (Lair:1)
  57 ugly things
  14 cyclopes
  60 deep elf magi
  4 manticores
  A manticore (shapeshifter) (Elf:2)
  An orc sorcerer (Depths:4)
  2 wolf spiders (Vaults:1)
  A faun (shapeshifter) (Vaults:1)
  19 salamanders
  A frost giant skeleton (Crypt:1)
  A shining eye (shapeshifter) (Elf:3)
  5 elephants
  Maurice (D:8)
  An iron dragon skeleton (Crypt:2)
  26 naga magi
  A black mamba (shapeshifter) (Vaults:3)
  27 black mambas
  4 guardian serpents
  11 vault sentinels
  6 gargoyles
  Psyche (D:8)
  An alligator snapping turtle zombie (Crypt:1)
  A guardian serpent (shapeshifter) (Vaults:2)
  Joseph (D:7)
  An orange demon (Depths:1)
  An ice statue (IceCv)
  Maggie (D:7)
  2 centaur skeletons
  6 komodo dragons
  18 cane toads
  5 spectral swamp worms (Depths:2)
  3 rime drakes
  A torpor snail (shapeshifter) (Vaults:1)
  52 yaktaurs
  11 freezing wraiths
  A rime drake (shapeshifter) (D:15)
  A yaktaur skeleton (D:15)
  An elf (Depths:4)
  An entropy weaver simulacrum (Vaults:1)
  3 guardian mummies
  A human skeleton (Vaults:1)
  A harpy zombie (Crypt:2)
  A yellow draconian skeleton (Crypt:2)
  6 trolls
  4 tengu conjurers
  19 polar bears
  7 large abominations
  A meliai (shapeshifter) (Depths:3)
  19 hornets
  10 blink frogs
  6 tyrant leeches
  A polar bear (shapeshifter) (Vaults:4)
  A sphinx simulacrum (Depths:3)
  A raiju (shapeshifter) (D:13)
  9 dream sheep (Lair:6)
  15 bog bodies
  An ettin zombie (Crypt:2)
  A blink frog (shapeshifter) (Vaults:4)
  A wind drake (shapeshifter) (Vaults:1)
  6 hippogriffs
  A satyr zombie (Crypt:3)
  A frost giant simulacrum (Depths:3)
  54 slime creatures
  A meliai zombie (D:13)
  5 flying skulls (Crypt:1)
  8 redbacks (Elf:3)
  3 air elementals
  3 wyverns
  9 vampires
  23 spriggans
  8 water elementals
  12 wraiths
  3 shadows
  Grum (D:10)
  A spriggan skeleton (D:15)
  A fire elemental (Elf:1)
  3 humans (Depths:4)
  42 yaks
  A yak (shapeshifter) (Vaults:3)
  5 basilisks
  28 vampire mosquitoes
  3 chaos spawn (Depths:2)
  14 insubstantial wisps
  8 wargs
  11 swamp worms
  49 nagas
  A torturous demonspawn zombie (Crypt:1)
  A neqoxec (Depths:1)
  A two-headed ogre zombie (Crypt:2)
  5 soldier ants (D:8)
  An acid dragon (D:15)
  9 water moccasins
  9 porcupines
  A floating eye (Depths:4)
  15 swamp drakes
  A human zombie (Vaults:1)
  3 sky beasts
  36 orc warriors
  A black bear (shapeshifter) (Depths:3)
  2 black bears
  4 ice beasts
  An ettin simulacrum (Vaults:1)
  2 necrophages
  4 phantoms
  36 ogres
  50 wolves
  A blink frog skeleton (Crypt:1)
  23 boggarts
  26 centaurs
  11 crocodiles
  3 elf zombies (Elf:3)
  2 lemures (D:7)
  A swamp dragon skeleton (Crypt:3)
  A fire crab zombie (Crypt:3)
  3 earth elementals
  16 bullfrogs
  A glowing shapeshifter simulacrum (Vaults:1)
  A water moccasin zombie (D:6)
  A cyclops zombie (Crypt:2)
  2 spectral wargs (Depths:4)
  A water moccasin skeleton (D:8)
  4 scorpions
  16 killer bees
  A shapeshifter zombie (Crypt:1)
  2 troll zombies
  28 wights
  2 electric eels (Snake:3)
  3 howler monkeys
  8 small abominations (Depths:2)
  A quasit (D:11)
  A bullfrog zombie (D:7)
  3 centaur zombies
  17 jellies
  4 hounds
  14 orc priests
  A black bear skeleton (Crypt:3)
  2 bullfrog skeletons
  An iron imp (Depths:3)
  5 iguanas
  2 basilisk skeletons
  17 orc wizards
  24 worker ants
  A big kobold skeleton (Crypt:1)
  A tengu skeleton (Crypt:2)
  An ogre skeleton (Crypt:1)
  A hound skeleton (D:11)
  A worker ant zombie (Crypt:2)
  Robin (D:2)
  12 gnolls
  9 adders
  3 white imps
  3 ufetubi
  An ooze (Lair:6)
  An adder zombie (D:6)
  4 adder skeletons
  2 worms
  2 dart slugs (D:3)
  4 leopard geckos
  88 orcs
  2 ball pythons
  4 bats
  A bat skeleton (Crypt:1)
  6 giant cockroaches
  8 hobgoblins
  2 jackals (D:11)
  10 kobolds
  A quokka (D:6)
  2 frilled lizards
  A gnoll skeleton (Crypt:1)
  10 goblins
  A jackal skeleton (D:6)
  A leopard gecko skeleton (D:9)
  A leopard gecko zombie (Crypt:1)
  An orc simulacrum (Crypt:2)
  4 rats
  2 rat skeletons
  9 briar patches (Swamp:4)
  9 fungi
  8 plants
  3 withered plants (D:15)
2193 creatures vanquished.

Vanquished Creatures (collateral kills)
  The ghost of Suawn the Black Sun, a journeyman HuNe of Kikubaaqudgha (Lair:3)
  A deep troll shaman (Depths:3)
  A blink frog (Lair:3)
  A soldier ant (D:8)
  A boggart (Depths:3)
  An orc priest (D:8)
  3 worker ants (D:8)
9 creatures vanquished.

Vanquished Creatures (others)
  A deep elf death mage (Elf:1)
  A dancing weapon (Elf:2)
  A deep elf knight (Vaults:2)
  A deep elf archer (Vaults:2)
  A deep elf mage (Elf:3)
  2 swamp drakes (Swamp:4)
  An ogre (Vaults:1)
  A wolf (Depths:4)
  A wight (D:6)
  A briar patch (Swamp:4)
  14 fungi
  10 plants
35 creatures vanquished.

Grand Total: 2237 creatures vanquished

Notes
Turn   | Place    | Note
-------+----------+-------------------------------------------
     0 | D:1      | Misa the Gargoyle Berserker began the quest for the Orb.
     0 | D:1      | Reached XP level 1. HP: 14/14 MP: 1/1
   104 | D:1      | Reached XP level 2. HP: 16/19 MP: 2/2
  1177 | D:2      | Noticed Robin
  1194 | D:2      | Killed Robin
  1194 | D:2      | Reached XP level 3. HP: 19/24 MP: 3/3
  1570 | D:2      | Reached skill level 4 in Fighting
  1703 | D:3      | Reached ** piety under Trog
  1726 | D:3      | Reached XP level 4. HP: 26/29 MP: 4/4
  2176 | D:3      | Found a shattered altar of Ashenzari.
  2203 | D:3      | Found a shimmering altar of Xom.
  2207 | D:3      | Noticed an ice beast
  2215 | D:3      | Killed an ice beast
  2215 | D:3      | Reached XP level 5. HP: 26/34 MP: 5/5
  2829 | D:4      | Reached skill level 5 in Fighting
  2829 | D:4      | Reached XP level 6. HP: 31/40 MP: 6/6
  3129 | D:4      | Noticed a phantom
  3177 | D:4      | Killed a phantom
  3577 | D:4      | Reached skill level 5 in Armour
  3577 | D:4      | Reached XP level 7. HP: 42/45 MP: 7/7
  3731 | D:4      | Found an ancient bone altar of Kikubaaqudgha.
  3990 | D:5      | Entered Level 5 of the Dungeon
  4017 | D:5      | Found a basalt altar of Yredelemnul.
  4057 | D:5      | Found an iron altar of Okawaru.
  4244 | D:5      | Found a hide-covered altar of Uskayaw.
  4355 | D:5      | Reached *** piety under Trog
  4381 | D:5      | Reached skill level 6 in Fighting
  4382 | D:5      | Reached skill level 5 in Axes
  4834 | D:6      | Found a staircase to the Ecumenical Temple.
  4858 | D:6      | Reached XP level 8. HP: 28/52 MP: 8/8
  5362 | D:6      | Reached skill level 7 in Fighting
  5563 | D:6      | Found a shimmering blue altar of Sif Muna.
  5713 | D:7      | Reached **** piety under Trog
  5773 | D:7      | Noticed Joseph
  5786 | D:7      | Killed Joseph
  5786 | D:7      | Reached XP level 9. HP: 59/59 MP: 9/9
  5846 | D:7      | Noticed Pikel
  5857 | D:7      | Killed Pikel
  5857 | D:7      | Reached skill level 8 in Fighting
  5999 | D:7      | Noticed Maggie
  6015 | D:7      | Killed Maggie
  6213 | D:7      | Reached skill level 9 in Fighting
  6541 | D:7      | Found a glowing silver altar of Zin.
  6857 | D:8      | Noticed Psyche
  6868 | D:8      | Killed Psyche
  6868 | D:8      | Reached XP level 10. HP: 58/66 MP: 10/10
  6871 | D:8      | Found a runed translucent gate.
  6905 | D:8      | Found a runed translucent gate.
  6905 | D:8      | Found an opulent altar of Gozag.
  6906 | D:8      | Found a runed translucent gate.
  6922 | D:8      | Found a radiant altar of Vehumet.
  6928 | D:8      | Got an ancient ring mail
  6939 | D:8      | Identified the +2 ring mail of Failure {rElec Str+2} (You
                  | found it on level 8 of the Dungeon)
  7131 | D:8      | Noticed a queen ant
  7151 | D:8      | Killed a queen ant
  7151 | D:8      | Reached skill level 10 in Fighting
  7158 | D:8      | Reached ***** piety under Trog
  7167 | D:8      | Noticed Maurice
  7205 | D:8      | Reached skill level 10 in Armour
  7214 | D:8      | Killed Maurice
  7630 | D:9      | Found Akkeotes's Magic Scroll Boutique.
  7639 | D:9      | Bought a scroll of teleportation for 48 gold pieces
  7639 | D:9      | Bought a scroll of identify for 32 gold pieces
  7639 | D:9      | Bought a scroll of remove curse for 48 gold pieces
  7639 | D:9      | Bought a scroll of remove curse for 48 gold pieces
  7639 | D:9      | Bought 3 scrolls of identify for 96 gold pieces
  7639 | D:9      | Bought a scroll of remove curse for 48 gold pieces
  7788 | D:9      | Identified a scroll of acquirement
  7788 | D:9      | Acquired the amulet of Due Proportion {Acrobat rC+ Int+2
                  | Slay+3}
  7809 | D:9      | Noticed a two-headed ogre
  7815 | D:9      | Killed a two-headed ogre
  7815 | D:9      | Reached skill level 11 in Fighting
  7815 | D:9      | Reached XP level 11. HP: 74/74 MP: 11/11
  7861 | D:9      | You fall into a shaft and drop 2 floors!
  7892 | D:10     | Entered Level 10 of the Dungeon
  8037 | D:9      | Found Lelyuh's General Store.
  8218 | D:9      | Found Omengep's Weapon Emporium.
  8465 | D:9      | Found a glowing golden altar of the Shining One.
  9064 | D:10     | Noticed Grum
  9078 | D:10     | Killed Grum
  9349 | D:9      | Bought the ring of Viyffemp {rC+ Str+4 Stlth-} for 448 gold
                  | pieces
  9450 | D:11     | Received a gift from Trog
  9666 | D:11     | Found a staircase to the Lair.
  9741 | D:11     | Reached skill level 10 in Axes
  9772 | D:11     | Noticed a white ugly thing
  9780 | D:11     | Killed a white ugly thing
  9860 | D:11     | Noticed a manticore
  9860 | D:11     | Noticed an ettin
  9883 | D:11     | Killed an ettin
 10061 | D:11     | Killed a manticore
 10061 | D:11     | Reached skill level 12 in Fighting
 10487 | D:11     | Found a runed translucent gate.
 10488 | D:11     | Found a runed translucent gate.
 10489 | D:11     | Found a runed translucent gate.
 10494 | D:11     | Noticed a minotaur
 10495 | D:11     | Noticed an eight-headed hydra
 10495 | D:11     | Noticed Sickboy's ghost (journeyman MfIE)
 10510 | D:11     | Noticed a centaur warrior
 10519 | D:11     | Killed a centaur warrior
 10519 | D:11     | Reached XP level 12. HP: 76/81 MP: 4/12
 11120 | D:12     | Noticed a seven-headed hydra
 11234 | Lair:1   | Entered Level 1 of the Lair of Beasts
 11317 | Lair:1   | Noticed Gastronok
 11332 | Lair:1   | Killed Gastronok
 11990 | Lair:2   | Found a staircase to the Swamp.
 12001 | Lair:2   | Reached skill level 13 in Fighting
 12708 | Lair:3   | Found a transporter.
 12720 | Lair:3   | Found a transporter.
 12720 | Lair:3   | Noticed Suawn's ghost (journeyman HuNe)
 12724 | Lair:3   | Found a staircase to the Snake Pit.
 12945 | Lair:3   | Found a stormy altar of Qazlal.
 13254 | Lair:3   | Noticed Nergalle
 13260 | Lair:3   | Killed Nergalle
 13260 | Lair:3   | Reached XP level 13. HP: 88/88 MP: 4/13
 13418 | Lair:3   | Received a gift from Trog
 14653 | Lair:5   | Reached skill level 14 in Fighting
 14784 | Lair:5   | Got a scorched wooden ring
 15635 | Lair:6   | Entered Level 6 of the Lair of Beasts
 16246 | Lair:6   | Gained mutation: Your large and strong wings let you fly
                  | indefinitely. [Gargoyle growth]
 16246 | Lair:6   | Reached XP level 14. HP: 96/96 MP: 14/14
 16305 | Lair:6   | Got a pair of glimmering gloves
 16316 | Lair:6   | Identified the cursed -2 pair of gloves of Nutax {rF+ rC+}
                  | (You found it on level 6 of the Lair of Beasts)
 16416 | Lair:6   | Received a gift from Trog
 16416 | Lair:6   | Reached skill level 15 in Fighting
 16686 | Lair:6   | Noticed Rupert
 16700 | Lair:6   | Killed Rupert
 16700 | Lair:6   | Reached skill level 15 in Armour
 17293 | Lair:6   | Found a staircase to the Slime Pits.
 17876 | Lair:3   | Killed Suawn's ghost
 18198 | D:11     | Killed Sickboy's ghost
 18333 | D:11     | Got a bronze ring mail
 18343 | D:11     | Identified the cursed +1 ring mail of Defiance {Regen+}
                  | (You found it on level 11 of the Dungeon)
 18363 | D:11     | Identified the ring of the Mantidfly {rC+ rN+ Str+6} (You
                  | found it on level 5 of the Lair of Beasts)
 18627 | D:12     | Found Beotoj's Book Shop.
 18762 | D:9      | Bought a scroll of magic mapping for 56 gold pieces
 18762 | D:9      | Bought a scroll of fog for 32 gold pieces
 18762 | D:9      | Bought a scroll of magic mapping for 56 gold pieces
 18966 | D:12     | Found Ficiad's Book Shop.
 18978 | D:12     | Found a staircase to the Orcish Mines.
 18997 | D:12     | Received a gift from Trog
 19173 | D:12     | Found Xusic's Jewellery Boutique.
 19306 | D:12     | Found Xaqa's Gadget Emporium.
 19520 | D:13     | Found a frozen archway.
 19564 | IceCv    | Entered an ice cave
 19610 | IceCv    | Identified the Disquisition on Creative Battle Magic
 19694 | IceCv    | Reached skill level 16 in Fighting
 19694 | IceCv    | Reached XP level 15. HP: 100/104 MP: 15/15
 20202 | IceCv    | Noticed a frost giant
 20236 | IceCv    | Killed a frost giant
 20416 | IceCv    | Identified the Papyrus of Cold
 20666 | D:13     | Received a gift from Trog
 20745 | D:13     | Got a steaming ring mail
 20756 | D:13     | Identified the +3 ring mail of Classification {Regen+
                  | Dex+3} (You found it on level 13 of the Dungeon)
 21204 | D:13     | Found a portal to a secret trove of treasure.
 21415 | D:13     | Found a gate to the Vaults.
 21906 | Orc:1    | Entered Level 1 of the Orcish Mines
 22323 | Orc:1    | Reached ****** piety under Trog
 22750 | Orc:2    | Entered Level 2 of the Orcish Mines
 22750 | Orc:2    | Noticed Snorg
 22760 | Orc:2    | Killed Snorg
 22791 | Orc:2    | Found a staircase to the Elven Halls.
 23473 | Orc:1    | Received a gift from Trog
 23779 | Orc:2    | Found Liaciohu's Jewellery Boutique.
 23779 | Orc:2    | Found Egheiref's Antique Weapon Emporium.
 23780 | Orc:2    | Found Yrchag's Assorted Antiques.
 23785 | Orc:2    | Found Yfymouv's Distillery.
 23832 | Orc:2    | Bought a scroll of identify for 74 gold pieces
 23832 | Orc:2    | Bought a scroll of identify for 74 gold pieces
 23832 | Orc:2    | Bought a scroll of remove curse for 111 gold pieces
 23837 | Orc:2    | Bought a potion of heal wounds for 50 gold pieces
 23837 | Orc:2    | Bought a potion of curing for 30 gold pieces
 23837 | Orc:2    | Bought a potion of might for 40 gold pieces
 23837 | Orc:2    | Bought a potion of berserk rage for 50 gold pieces
 23932 | Orc:2    | Found Uruken's Antique Weapon Shop.
 23945 | Orc:2    | Noticed Urug
 24007 | Orc:2    | Killed Urug
 24777 | D:14     | Reached skill level 17 in Fighting
 24952 | D:14     | Reached XP level 16. HP: 112/112 MP: 16/16
 25498 | D:15     | Entered Level 15 of the Dungeon
 25744 | D:15     | Reached skill level 15 in Axes
 25874 | D:15     | Found a staircase to the Depths.
 26159 | D:15     | Received a gift from Trog
 26756 | Snake:1  | Entered Level 1 of the Snake Pit
 27042 | D:13     | You paid a toll of 8 potions of haste to enter a treasure
                  | trove
 27043 | Trove    | Entered a treasure trove
 27858 | Snake:1  | Reached skill level 18 in Fighting
 28973 | Snake:2  | Reached XP level 17. HP: 103/120 MP: 7/17
 29035 | Snake:2  | Found Zil Daz's Jewellery Shop.
 29763 | Snake:2  | Received a gift from Trog
 29928 | Snake:3  | Reached skill level 19 in Fighting
 30505 | Snake:3  | Found Ijodwore's Gadget Boutique.
 30510 | Snake:3  | Found Kipuem's Jewellery Emporium.
 30510 | Snake:3  | Found Wujohal's Jewellery Emporium.
 30524 | Snake:3  | Bought the ring "Emusta" {rC+ rN+ Int+4 Slay+4 SInv} for
                  | 1109 gold pieces
 31005 | Elf:1    | Entered Level 1 of the Elven Halls
 31011 | Elf:1    | Received a gift from Trog
 31684 | Elf:1    | Upgraded the game from 0.26-a0-291-g3d11bbfad5 to
                  | 0.26-a0-307-g4e7fcc93f0
 31735 | Elf:1    | Noticed Louise
 31744 | Elf:1    | Killed Louise
 31834 | Elf:1    | Reached skill level 20 in Fighting
 31988 | Elf:1    | Received a gift from Trog
 32593 | Depths:1 | Entered Level 1 of the Depths
 32618 | Depths:1 | Reached XP level 18. HP: 128/130 MP: 18/18
 32673 | Depths:1 | Found a gateway to Hell.
 32941 | Depths:1 | Found a one-way gate leading to the halls of Pandemonium.
 32948 | Depths:1 | Gained mutation: Your spells are a little easier to cast,
                  | but a little less powerful. [a neqoxec]
 32951 | Depths:1 | Gained mutation: You have a pair of small antennae on your
                  | head. [a neqoxec]
 32953 | Depths:1 | Gained mutation: Potions are less effective at restoring
                  | your health. [a cacodemon]
 32956 | Depths:1 | Gained mutation: You are frail. (-10% HP) [a neqoxec]
 33192 | Depths:1 | Paralysed by a great orb of eyes for 4 turns
 33831 | Depths:1 | Found Vithralo's Antique Armour Boutique.
 33839 | Depths:1 | Bought a pitted cloak for 408 gold pieces
 33849 | Depths:1 | Identified the +2 cloak of Decaying Mirth {rElec rN+} (You
                  | bought it in a shop on level 1 of the Depths)
 34114 | Depths:1 | Found a bloodstained altar of Trog.
 34540 | Depths:2 | Noticed a quicksilver dragon
 34547 | Depths:2 | Killed a quicksilver dragon
 34547 | Depths:2 | Reached skill level 21 in Fighting
 34556 | Depths:1 | Received a gift from Trog
 35163 | Depths:2 | Found a one-way gate to the infinite horrors of the Abyss.
 35416 | Depths:2 | Noticed a lich
 35421 | Depths:2 | Received a gift from Trog
 35423 | Depths:2 | Noticed a Brimstone Fiend
 35426 | Depths:2 | Killed a lich
 35918 | Depths:2 | Got a scorched golden amulet
 35919 | Depths:2 | Identified the amulet of Eternal Harmony {RegenMP *Slow
                  | +Fly rElec rF+++} (You found it on level 2 of the Depths)
 36076 | Depths:2 | Reached XP level 19. HP: 123/124 MP: 19/19
 36917 | Depths:3 | Noticed a golden dragon
 36928 | Depths:3 | Killed a golden dragon
 36929 | Depths:3 | Identified the +6 hand axe of Yjenaf {vamp, rPois Dex+3}
 37199 | Depths:3 | Received a gift from Trog
 37340 | Depths:3 | Reached skill level 22 in Fighting
 37600 | Depths:3 | Reached XP level 20. HP: 130/130 MP: 20/20
 37763 | Depths:3 | Received a gift from Trog
 38342 | Depths:3 | Got a jewelled plate armour
 38343 | Depths:3 | Identified the +9 plate armour "Ysusuc" {+Fly MR- SInv
                  | Stlth+} (You found it on level 3 of the Depths)
 38472 | Depths:3 | Found a runed translucent gate.
 38473 | Depths:3 | Found a runed translucent gate.
 38474 | Depths:3 | Found a runed translucent gate.
 38523 | Depths:3 | Noticed Teawk's ghost (veteran DsCK)
 38573 | Depths:3 | Killed Teawk's ghost
 38719 | Depths:3 | Got a pair of masterwork boots
 38730 | Depths:3 | Identified the +1 pair of boots of Majestic Brilliance
                  | {Str+4 Dex+2 Stlth-} (You found it on level 3 of the
                  | Depths)
 39107 | Depths:4 | Paralysed by a floating eye for 2 turns
 39113 | Depths:4 | Noticed Saint Roka
 39351 | Depths:4 | Paralysed by a salamander for 4 turns
 39721 | Depths:4 | Killed Saint Roka
 39866 | Depths:4 | Received a gift from Trog
 40467 | Depths:4 | Found a gateway to a ziggurat.
 40763 | Depths:4 | Reached skill level 5 in Dodging
 40870 | Depths:4 | Found The Legendary Leextyh's Legendary Smithy.
 40892 | Depths:4 | Found Eluigaf's General Store.
 40983 | Depths:4 | Bought a scroll of teleportation for 36 gold pieces
 40983 | Depths:4 | Bought a scroll of identify for 24 gold pieces
 40983 | Depths:4 | Bought a potion of curing for 36 gold pieces
 41004 | Depths:4 | Reached XP level 21. HP: 119/136 MP: 21/21
 41062 | Depths:4 | Found a basalt altar of Yredelemnul.
 41063 | Depths:4 | Received a gift from Trog
 41146 | Depths:4 | Found Evotro Taif's Miraculous Elixirs.
 41204 | Depths:4 | Noticed an ancient lich
 41209 | Depths:4 | Killed an ancient lich
 41289 | Depths:4 | Found a roughly hewn altar of Beogh.
 41413 | Depths:4 | Reached skill level 23 in Fighting
 41432 | Depths:4 | Found an ancient bone altar of Kikubaaqudgha.
 41676 | Depths:5 | Entered Level 5 of the Depths
 42159 | Depths:5 | Noticed a juggernaut
 42161 | Depths:5 | Noticed Weicwob's ghost (adept FeFE)
 42169 | Depths:5 | Found a runed translucent gate.
 42169 | Depths:5 | Found a runed translucent gate.
 42169 | Depths:5 | Found a runed translucent gate.
 42179 | Depths:5 | Found Leyk's Antique Weapon Boutique.
 42635 | Depths:5 | Found a gate to the Realm of Zot.
 43611 | Snake:4  | Entered Level 4 of the Snake Pit
 44170 | Snake:4  | Found Noof's Weapon Emporium.
 44189 | Snake:4  | Received a gift from Trog
 44749 | Snake:4  | Reached XP level 22. HP: 143/144 MP: 22/22
 44863 | Snake:4  | Received a gift from Trog
 44976 | Snake:4  | Got a serpentine rune of Zot
 45643 | Elf:2    | Found Fef Metz's Book Emporium.
 45732 | Elf:2    | Noticed Asterion
 45759 | Elf:2    | Killed Asterion
 45789 | Elf:2    | Found a runed translucent gate.
 45791 | Elf:2    | Found a runed translucent gate.
 45792 | Elf:2    | Found a runed translucent gate.
 46039 | Elf:2    | Received a gift from Trog
 46557 | Elf:3    | Entered Level 3 of the Elven Halls
 46610 | Elf:3    | Identified the Compendium of Unholy Rituals
 46949 | Elf:3    | Received a gift from Trog
 46952 | Elf:3    | Gained mutation: Scrolls take you a little longer to read.
                  | [a shining eye]
 47247 | Elf:3    | Identified the ring "Efoasia" {rElec Int+7 Dex-3 SInv
                  | Stlth+}
 47540 | Elf:3    | Reached skill level 24 in Fighting
 47549 | Elf:3    | Reached XP level 23. HP: 150/150 MP: 23/23
 47584 | Elf:3    | Got a warped plate armour
 47587 | Elf:3    | Identified the +2 plate armour "Oshruetog" {rF+} (You found
                  | it on level 3 of the Elven Halls)
 48128 | Vaults:1 | Entered Level 1 of the Vaults
 48151 | Vaults:1 | Received a gift from Trog
 48838 | Vaults:1 | Received a gift from Trog
 49071 | Vaults:1 | Reached skill level 10 in Dodging
 49721 | Vaults:2 | You are sucked into a shaft and drop 1 floor!
 49955 | Vaults:2 | Noticed Nikola
 49966 | Vaults:2 | Killed Nikola
 49971 | Vaults:2 | Noticed Mara
 49983 | Vaults:2 | Killed Mara
 50322 | Vaults:2 | Reached XP level 24. HP: 130/157 MP: 23/23
 50475 | Vaults:2 | Received a gift from Trog
 51469 | Vaults:3 | Found a staircase to the Crypt.
 51760 | Vaults:3 | Received a gift from Trog
 52432 | Vaults:4 | Got an ichor-stained chain mail
 52435 | Vaults:4 | Identified the +7 chain mail of Good Intentions {+Inv rF++
                  | Regen+ Int-5} (You found it on level 4 of the Vaults)
 52560 | Vaults:4 | Reached skill level 25 in Fighting
 52655 | Vaults:4 | Received a gift from Trog
 53032 | Vaults:4 | Reached XP level 25. HP: 149/163 MP: 23/23
 53053 | Vaults:4 | Got a transparent jade ring
 53056 | Vaults:4 | Identified the ring of the Thieving King {MR+ Stlth-} (You
                  | found it on level 4 of the Vaults)
 53183 | Vaults:4 | Received a gift from Trog
 53885 | Swamp:1  | Entered Level 1 of the Swamp
 54974 | Swamp:2  | Noticed Donald
 54983 | Swamp:2  | Killed Donald
 55238 | Swamp:2  | Received a gift from Trog
 55350 | Swamp:3  | Noticed Aizul
 55360 | Swamp:3  | Killed Aizul
 55892 | Swamp:4  | Entered Level 4 of the Swamp
 56097 | Swamp:4  | Noticed the 27-headed Lernaean hydra
 56103 | Swamp:4  | Killed the 23-headed Lernaean hydra
 56113 | Swamp:4  | Got a decaying rune of Zot
 57010 | Depths:5 | Killed a juggernaut
 57036 | Depths:5 | Killed Weicwob's ghost
 57094 | Depths:5 | Got a faintly humming plate armour
 57097 | Depths:5 | Identified the +9 plate armour of the Orb {-Tele *Contam
                  | Harm Str+9} (You found it on level 5 of the Depths)
 57371 | D:9      | Fell from the grace of Trog
 57371 | D:9      | Became a worshipper of the Shining One
 57686 | Crypt:1  | Entered Level 1 of the Crypt
 57737 | Crypt:1  | Reached * piety under the Shining One
 57764 | Crypt:1  | Reached ** piety under the Shining One
 57803 | Crypt:1  | Found a basalt altar of Yredelemnul.
 57857 | Crypt:1  | Reached *** piety under the Shining One
 57950 | Crypt:1  | Found an ancient bone altar of Kikubaaqudgha.
 58006 | Crypt:1  | Identified the Tome of Evil Magic
 58039 | Crypt:1  | Reached XP level 26. HP: 170/170 MP: 23/23
 58047 | Crypt:1  | Reached **** piety under the Shining One
 58178 | Crypt:1  | Reached skill level 1 in Invocations
 58180 | Crypt:1  | Reached ***** piety under the Shining One
 58694 | Crypt:2  | Reached ****** piety under the Shining One
 58714 | Crypt:2  | Identified a +9 executioner's axe of holy wrath (a +9
                  | executioner's axe of flaming blessed by the Shining One)
 58714 | Crypt:2  | Received a gift from the Shining One
 58934 | Crypt:2  | Reached skill level 26 in Fighting
 59252 | Crypt:3  | Entered Level 3 of the Crypt
 59327 | Crypt:3  | HP: 7/256 [iron troll[the rage of Trog] (15)]
 59329 | Crypt:3  | Mangled by an iron troll

Illustrated notes

Levels and vault maps discovered:
D:1:      nicolae_arrival_memento_mori, layout_loops_corners
D:2:      layout_loops_ring, uniq_robin
D:3:      layout_basic, cheibrodos_ashenzari_chains, overflow_temple_1_default
D:4:      layout_gridville, lemuel_doored_altar
D:5:      layout_loops_cross, lemuel_round_altar, okawaru_ov_weapons_minmay,
          basic_altar
D:6:      layout_basic, led_sif_pool, minmay_temple_entry_statues_pillars,
          water_maze_lemuel
D:7:      layout_basic, nicolae_overflow_hidden_temple, hex_intersection,
          minivault_5, uniq_joseph, uniq_pikel, uniq_maggie
D:8:      layout_rooms, old_standard_altar, ebering_ghost_gozag,
          zaba_antful_of_joy, uniq_maurice, uniq_psyche
D:9:      layout_basic, lemuel_round_altar, serial_shops, shop, shop,
          nicolae_shop_behind_doors, minmay_microvault
D:10:     layout_basic, uniq_grum
D:11:     layout_roguey, minmay_lair_entry_grove,
          maelrawn_ghost_gauntlet_escape, minivault_25_ag
D:12:     layout_loops_ring, erik_orc_1, serial_shops, kennysheep_mini_moat,
          shop, shop, nicolae_shop_crystal
D:13:     layout_roguey, david_vaults_4, portal_ice_cave_rime, enter_trove_5
D:14:     layout_roguey, corexii_corridor_pit
D:15:     gammafunk_depths_entry_grave, layout_irregular_city, minivault_24
Lair:1:   layout_hall_layers, uniq_gastronok
Lair:2:   layout_cave_pods, minmay_swamp_entry_swarm
Lair:3:   layout_hall_layers, dummy_snake_entry, basic_altar,
          gammafunk_ghost_arena, lemuel_fruit_tree, uniq_nergalle
Lair:4:   layout_long_grid, serial_forest, infiniplex_forest_end_1,
          infiniplex_forest_clump_double, infiniplex_forest_end_1,
          infiniplex_forest_straight_5, infiniplex_forest_straight_2,
          minmay_lindwurm_lava
Lair:5:   layout_cave_pods
Lair:6:   minmay_lair_end_enchanted_forest, layout_concentric_octagons,
          minmay_slime_entry_jelly_boxes, kennysheep_basilisk_garden,
          uniq_rupert
Swamp:1:  layout_falls_marsh, serial_swamp_ruin, evilmike_swamp_ruin_rubble_2,
          hangedman_swamp_ruin_wall, evilmike_swamp_ruin_house_3, swamp_pool2
Swamp:2:  layout_basic_swamp, evilmike_swamp_ruin_house_5,
          nicolae_swamp_dragon_and_kin, uniq_donald
Swamp:3:  layout_basic_swamp, nicolae_swamp_trees_clearing, uniq_aizul
Swamp:4:  grunt_swamp_rune_castle, layout_basic_swamp, swamp_pool2
Snake:1:  layout_onion_interference
Snake:2:  layout_gridlike, minmay_shop_enchanted_jewellery,
          statue_in_the_mist_lemuel
Snake:3:  layout_onion, serial_bayou_shore_b, serial_bayou_shore_a,
          minmay_shop_grove
Snake:4:  snake_pit, layout_cave_town, serial_shops, shop
Orc:1:    layout_caves
Orc:2:    st_orc_rangers, layout_caves, serial_shops, shop,
          nicolae_orc_bridge_out, uniq_urug, uniq_snorg
Elf:1:    layout_loops_cross, evilmike_minifort, uniq_louise
Elf:2:    layout_onion_city, serial_shops, nicolae_shop_statue_plus, drop_trap,
          uniq_asterion
Elf:3:    elf_hall_gauntlet_wide, layout_loops_ring, drop_trap,
          minmay_elf_necromancy
Vaults:1: nicolae_vaults_twisting_passages, nicolae_vaults_little_ls,
          nicolae_vaults_disjoint_gnomons, v_alt_pattern_6,
          vaults_room_fancy_cross, nicolae_vaults_little_squares_3, v_pattern_3,
          ontoclasm_vaults_loading_screen, v_misc_4, layout_vaults_omnigrid
Vaults:2: nicolae_vaults_big_ls, vaults_mumra_lcd, ontoclasm_vaults_idyll,
          st_lines, v_misc_27, grunt_vaults_focal, hangedman_vaults_locks,
          nicolae_vaults_little_squares_3, v_misc_24, vaults_room_pools,
          ontoclasm_vaults_chip, layout_vaults_big_room, uniq_nikola, uniq_mara
Vaults:3: hangedman_vaults_restitches, grunt_vaults_twisty, v_alt_pattern_1,
          nicolae_vaults_what_the_h, minmay_crypt_entry_simple_statues,
          hangedman_vaults_stagger, ontoclasm_vaults_twist,
          vaults_room_grunt_arrival_checkpoint, ontoclasm_vaults_ring_large,
          nicolae_vaults_little_squares_1, nicolae_vaults_specimen_jars,
          layout_vaults_omnicross
Vaults:4: v_rooms_5, v_misc_24, vaults_mumra_chevron, st_quartered_hall,
          v_misc_23, vaults_mumra_hex, nicolae_vaults_border_crossing,
          nicolae_vaults_network_quincunx
          [nicolae_vaults_network_quincunx_subvault,
          nicolae_vaults_network_quincunx_subvault,
          nicolae_vaults_network_quincunx_subvault,
          nicolae_vaults_network_quincunx_subvault,
          nicolae_vaults_network_quincunx_subvault], vaults_dpeg_encased_lava,
          nicolae_vaults_network_periphery, ontoclasm_vaults_ring_square,
          vaults_room_grid, nicolae_vaults_shelves_hall, layout_vaults_omnibox
Crypt:1:  layout_misc_corridors, basic_altar, weyrava_vampire_temple
Crypt:2:  layout_chaotic_city, ebering_dispersal_statue_hall
Crypt:3:  due_elkab, layout_chaotic_city, tomb_entry_shell_bobbens,
          lemuel_statue_altar
Depths:1: layout_gridlike, serial_bayou_pond_c, hangedman_coc_ice_floe,
          rand_demon_pan_entry_8, serial_shops, shop, nrook_mini_backslash,
          kennysheep_path_1, evilmike_spriggan_trog_shrine
Depths:2: minmay_ambush_box, layout_gridlike, pf_hell_entry_tar_river,
          minmay_room_of_horrors, minmay_curled_crystal, pan_entry,
          infiniplex_staircase_pool_lava
Depths:3: minmay_the_grid_octo_tiled_octocenter_mashed
          [minmay_the_grid_octo_clover_2, minmay_the_grid_octo_teeth,
          minmay_the_grid_octo_odd_swirl, minmay_the_grid_octo_focus,
          minmay_the_grid_octo_prize_single_spiral,
          minmay_the_grid_square_5x5_half_checkered,
          minmay_the_grid_square_5x5_six, minmay_the_grid_square_5x5_inset,
          minmay_the_grid_square_5x5_fancy_junction], layout_cave_shapes,
          grunt_hell_entry_dis_mu, pan_entry, grunt_decor_clamped,
          gammafunk_ghost_tricky_traps, minmay_misc_feat_cross, minivault_22,
          kennysheep_generic_room_8
Depths:4: grated_community_mu [grated_community_mu_vampire_home,
          grated_community_mu_giant_home, grated_community_mu_spellcaster_home,
          grated_community_mu_orcish_home, grated_community_mu_troll_home,
          grated_community_mu_taur_home, grated_community_mu_unbuilt_plot],
          layout_basic, enter_ziggurat_d, abyss_entry_small_statue_room,
          hell_entry, pan_entry, minmay_misc_feat_rugged,
          hangedman_abyss_or_decor_stagger, uniq_saint_roka
Depths:5: evilmike_zot_entry_hall, layout_small_grid, hex_medium,
          lightli_too_deep, serial_shops, shop, gammafunk_ghost_split,
          kennysheep_crisscross

Skill      XL: |  1  2  3  4  5  6  7  8  9 10 11 12 13 14 15 16 17 18 19 20 21 22 23 24 25 26 |
---------------+-------------------------------------------------------------------------------+-----
Axes           | 3 4 5 6 7 9 10 11 12 13 14 16 17 19 20 21 22 23 | 23.6
Armour         | 3 4 5 7 9 10 12 13 14 15 16 18 19 20 21 22 23 24 25 | 25.0
Fighting       | 4 5 6 7 9 11 12 13 14 16 17 18 20 21 22 23 24 25 26 | 26.0
Dodging        | 5 7 9 10 11 13 | 13.4
Invocations    | 4 |  4.2

Action                   |  1- 3 |  4- 6 |  7- 9 | 10-12 | 13-15 | 16-18 | 19-21 | 22-24 | 25-27 || total
-------------------------+-------+-------+-------+-------+-------+-------+-------+-------+-------++-------
Melee: Hand axe          |   104 |   143 |   194 |    30 |       |       |       |       |       ||   471
       War axe           |       |       |    65 |       |    33 |    13 |       |       |       ||   111
       Battleaxe         |       |       |   115 |   557 |   817 |   168 |       |    20 |       ||  1677
       Unarmed           |       |       |    14 |       |       |       |       |       |       ||    14
       Halberd           |       |       |       |       |     5 |     4 |       |       |       ||     9
       Executioner's axe |       |       |       |       |       |   640 |   843 |   922 |   626 ||  3031
Invok: Berserk           |     1 |     4 |     3 |     6 |     6 |     6 |     3 |       |     1 ||    30
       Brothers in Arms  |       |       |       |     2 |     2 |       |     2 |       |       ||     6
       Trog's Hand       |       |       |       |       |     2 |     6 |    10 |    28 |     3 ||    49
       Brand Weapon With |       |       |       |       |       |       |       |       |     1 ||     1
 Abil: Fly               |       |       |       |       |     1 |       |       |       |       ||     1
Evoke: Wand              |       |       |       |       |       |       |     1 |       |       ||     1
  Use: Scroll            |     7 |       |     7 |     5 |    15 |     6 |    11 |     6 |     3 ||    60
       Potion            |       |       |       |     1 |       |       |       |       |     1 ||     2
 Stab: Confused          |       |       |       |       |       |       |       |       |     3 ||     3
Armor: Animal skin       |     9 |       |       |       |       |       |       |       |       ||     9
       Leather armour    |    33 |     9 |       |       |       |       |       |       |       ||    42
       Chain mail        |       |    70 |   113 |       |       |       |       |       |       ||   183
       Plate armour      |       |       |   242 |   506 |   439 |       |       |       |       ||  1187
       Fire dragon scale |       |       |       |       |   314 |   671 |    70 |       |       ||  1055
       Gold dragon scale |       |       |       |       |       |       |   638 |   674 |   473 ||  1785
Dodge: Dodged            |    75 |    57 |   184 |   365 |   577 |   588 |   444 |   561 |   623 ||  3474
       Repelled          |       |       |       |       |       |       |       |    78 |     1 ||    79

Table legend:
 A = Non-vault XP
 B = Vault XP
 C = Vault XP percentage of total XP
 D = Non-vault monster count
 E = Vault monster count
 F = Vault count percentage of total count
                 A         B        C        D         E       F
            +---------+---------+-------+---------+---------+-------
      Total |  655002 |  512522 |  43.9 |    1375 |     780 |  36.2
            +---------+---------+-------+---------+---------+-------
        D:1 |      18 |       0 |   0.0 |      10 |       0 |   0.0
        D:2 |      16 |      33 |  67.3 |       9 |      10 |  52.6
        D:3 |     163 |       0 |   0.0 |      20 |       0 |   0.0
        D:4 |     499 |       0 |   0.0 |      17 |       0 |   0.0
        D:5 |     357 |       0 |   0.0 |      27 |       0 |   0.0
        D:6 |     600 |       0 |   0.0 |      17 |       0 |   0.0
        D:7 |    1232 |    1483 |  54.6 |      19 |       3 |  13.6
        D:8 |     812 |    3502 |  81.2 |      22 |      33 |  60.0
        D:9 |    2106 |     442 |  17.3 |      23 |       1 |   4.2
       D:10 |     632 |     447 |  41.4 |      15 |       3 |  16.7
       D:11 |    6008 |    6770 |  53.0 |      45 |      22 |  32.8
       D:12 |    4878 |     603 |  11.0 |      25 |      17 |  40.5
       D:13 |    9753 |    3389 |  25.8 |      35 |       6 |  14.6
       D:14 |   11139 |       0 |   0.0 |      29 |       0 |   0.0
       D:15 |   18417 |    4652 |  20.2 |      44 |       8 |  15.4
     Lair:1 |    1323 |    2161 |  62.0 |       4 |       1 |  20.0
     Lair:2 |    2594 |     925 |  26.3 |      12 |       5 |  29.4
     Lair:3 |    4609 |    3590 |  43.8 |      25 |       9 |  26.5
     Lair:4 |    4399 |    2673 |  37.8 |      14 |       4 |  22.2
     Lair:5 |    5540 |       0 |   0.0 |      13 |       0 |   0.0
     Lair:6 |   12255 |   13554 |  52.5 |      30 |      64 |  68.1
    Swamp:1 |   14206 |       0 |   0.0 |      36 |       0 |   0.0
    Swamp:2 |    9677 |    3059 |  24.0 |      21 |       5 |  19.2
    Swamp:3 |   10790 |    1632 |  13.1 |      31 |       1 |   3.1
    Swamp:4 |   11910 |   21614 |  64.5 |      29 |      33 |  53.2
    Snake:1 |   17907 |       0 |   0.0 |      36 |       0 |   0.0
    Snake:2 |   14495 |       0 |   0.0 |      31 |       0 |   0.0
    Snake:3 |   21022 |       0 |   0.0 |      39 |       0 |   0.0
    Snake:4 |   17083 |   30262 |  63.9 |      32 |      44 |  57.9
      Orc:1 |    4164 |    2985 |  41.8 |      32 |      12 |  27.3
      Orc:2 |    2211 |    4150 |  65.2 |      10 |      24 |  70.6
      Elf:1 |   19957 |   11591 |  36.7 |      32 |      17 |  34.7
      Elf:2 |   14866 |   25444 |  63.1 |      24 |      28 |  53.8
      Elf:3 |   19971 |   40730 |  67.1 |      37 |      32 |  46.4
   Vaults:1 |   33368 |   21486 |  39.2 |      59 |      29 |  33.0
   Vaults:2 |   25636 |   35499 |  58.1 |      39 |      37 |  48.7
   Vaults:3 |   33396 |   21011 |  38.6 |      53 |      27 |  33.8
   Vaults:4 |   36515 |   52644 |  59.0 |      46 |      56 |  54.9
    Crypt:1 |   34238 |    3735 |   9.8 |      60 |       6 |   9.1
    Crypt:2 |   34015 |       0 |   0.0 |      49 |       0 |   0.0
    Crypt:3 |   14631 |     654 |   4.3 |      16 |       2 |  11.1
   Depths:1 |   25611 |   13909 |  35.2 |      32 |      15 |  31.9
   Depths:2 |   26189 |   13476 |  34.0 |      40 |      24 |  37.5
   Depths:3 |   61391 |   54058 |  46.8 |      70 |      57 |  44.9
   Depths:4 |   35624 |   54338 |  60.4 |      38 |      77 |  67.0
   Depths:5 |   28779 |   42899 |  59.8 |      28 |      23 |  45.1
      IceCv |       0 |   13122 | 100.0 |       0 |      45 | 100.0
            +---------+---------+-------+---------+---------+-------
